 Dungeon Crawl Stone Soup version 0.19.0 (webtiles) character file.

466 Gorglomux the Chopper (level 7, -6/66 HPs)
             Began as a Naga Berserker on Nov 1, 2016.
             Was a Priest of Trog.
             Mangled by an orc warrior
             ... wielding a +0 flail
              (8 damage)
             ... on level 4 of the Dungeon.
             The game lasted 00:06:45 (3539 turns).

Gorglomux the Chopper (Naga Berserker)              Turns: 3539, Time: 00:06:46

Health: -6/66      AC:  4    Str: 25    XL:     7   Next: 8%
Magic:  7/7        EV: 10    Int:  8    God:    Trog [***...]
Gold:   123        SH:  0    Dex: 10    Spells: 0 memorised, 6 levels left

rFire  + . .     SeeInvis +     a - +0 hand axe
rCold  . . .     Gourm    .     r - +1 robe {Archmagi}
rNeg   . . .     Faith    .     (no shield)
rPois  +         Spirit   .     (no helmet)
rElec  .         Reflect  .     (no cloak)
rCorr  .         Harm     .     (no gloves)
MR     .....                    (no barding)
Stlth  ++........               s - amulet of regeneration
                                g - +4 ring of strength
                                l - ring of protection from fire

@: exhausted, short of breath, slowed, very slow
A: see invisible, deformed body, poison resistance, slowness 2, slow metabolism
1, spit poison 1, AC +2
a: Spit Poison, Berserk, Trog's Hand, Burn Spellbooks, Renounce Religion


You were on level 4 of the Dungeon.
You worshipped Trog.
Trog was most pleased with you.
You were not hungry.

You visited 1 branch of the dungeon, and saw 4 of its levels.

You collected 123 gold pieces.

Inventory:

Hand Weapons
 a - a +0 hand axe (weapon)
Armour
 r - a +1 robe of the Archmagi (worn)
Jewellery
 g - a +4 ring of strength (right hand)
 l - a ring of protection from fire (left hand)
 s - an amulet of regeneration (around neck)
Scrolls
 d - a scroll of blinking
 h - a scroll of recharging {unknown}
 i - 2 scrolls of remove curse
 j - 2 scrolls of teleportation {unknown}
 k - a scroll of fear {unknown}
 m - 3 scrolls of identify
 p - a scroll of amnesia {unknown}
 q - a scroll of enchant armour {unknown}
Potions
 b - a potion of berserk rage
 e - a potion of curing {unknown}
 n - a potion of flight {unknown}
 o - a potion of cancellation {unknown}
 t - a potion of mutation {unknown}
Comestibles
 c - 3 bread rations
 f - 5 chunks of flesh


   Skills:
 + Level 4.6 Fighting
 * Level 6.2 Axes
 - Level 1.7 Armour
 - Level 2.4 Dodging
 - Level 2.1 Stealth


You had 6 spell levels left.
You didn't know any spells.

Dungeon Overview and Level Annotations

Branches:
Dungeon (4/15)
 Temple: D:4-7

Altars:
Ashenzari
Cheibriados
Gozag
Zin


Innate Abilities, Weirdness & Mutations

You cannot wear boots.
Your serpentine skin is tough. (AC +2)
You have supernaturally acute eyesight. (SInv)
Armour fits poorly on your strangely shaped body.
Your system is resistant to poisons. (rPois)
You cover ground very slowly.
You have a slow metabolism.
You can spit poison.


Message History

You see here a giant club.
The orc priest mumbles some strange prayers to Beogh against you.
You resist with significant effort. The orc warrior hits you with a flail!
There is a stone staircase leading up, spattered with blood here.
You closely miss the orc priest. You barely miss the orc warrior.
The orc priest barely misses you. The orc warrior barely misses you.
The orc priest hits you with a whip of electrocution.
You are electrocuted!
An orc wizard comes into view. It is wielding a falchion.
Press: ? - help, Shift-Dir - straight line, f - orc warrior
Aim: an orc warrior, wielding a flail and wearing a chain mail The splash of poison hits the orc warrior.
The orc warrior appears unharmed.
You feel slightly more hungry. The orc warrior hits you with a flail!
* * * LOW HITPOINT WARNING * * *
The orc priest barely misses you. The orc warrior hits you with a flail!
* * * LOW HITPOINT WARNING * * *
The orc warrior hits you with a flail!
You die...

### # #.. #. #.#
. #..#####.#
##>..
#....@<#.#......
#.###ooooo......
+.)..#.##...
#....# # #....#
#!...# #....#
#....# ###.##


You could see an orc warrior, an orc priest, an orc wizard and 2 orcs.

Vanquished Creatures
  An ogre (D:4)
  5 orc wizards
  Jessica (D:2)
  Ijyb (D:2)
  A worker ant (D:4)
  7 adders
  An ooze (D:2)
  2 worms
  2 dart slugs (D:1)
  2 leopard geckos (D:1)
  8 orcs
  3 giant cockroaches
  7 goblins
  14 hobgoblins
  5 jackals
  11 kobolds
  A quokka (D:3)
  2 ball pythons
  7 bats
  2 frilled lizards
  8 rats
91 creatures vanquished.

Notes
Turn   | Place    | Note
-------+----------+-------------------------------------------
     0 | D:1      | Gorglomux the Naga Berserker began the quest for the Orb.
     0 | D:1      | Reached XP level 1. HP: 21/21 MP: 1/1
   159 | D:1      | Reached XP level 2. HP: 21/28 MP: 2/2
   766 | D:1      | Reached XP level 3. HP: 30/34 MP: 3/3
  1555 | D:2      | Reached ** piety under Trog
  1555 | D:2      | Reached XP level 4. HP: 23/43 MP: 4/4
  1755 | D:2      | Noticed Ijyb
  1764 | D:2      | Killed Ijyb
  1764 | D:2      | Reached skill level 4 in Axes
  1821 | D:2      | Found a snail-covered altar of Cheibriados.
  2081 | D:2      | Noticed Jessica
  2090 | D:2      | Killed Jessica
  2090 | D:2      | Reached skill level 1 in Stealth
  2090 | D:2      | Reached XP level 5. HP: 44/50 MP: 5/5
  2117 | D:2      | Found a shattered altar of Ashenzari.
  2903 | D:3      | Found an opulent altar of Gozag.
  2903 | D:3      | Found a glowing silver altar of Zin.
  2947 | D:3      | Reached *** piety under Trog
  3004 | D:3      | Reached skill level 5 in Axes
  3004 | D:3      | Reached XP level 6. HP: 57/57 MP: 6/6
  3509 | D:4      | Reached skill level 6 in Axes
  3509 | D:4      | Reached XP level 7. HP: 65/66 MP: 7/7
  3539 | D:4      | HP: 2/66 [orc warrior/flail (16)]
  3539 | D:4      | Mangled by an orc warrior

Skill      XL: |  1  2  3  4  5  6 |
---------------+-------------------+-----
Dodging        | 2 |  2.4
Axes           | 4 5 6 |  6.2
Stealth        | 1 2 |  2.1
Fighting       | 4 |  4.6
Armour         | |  1.7

Action                   |  1- 3 |  4- 6 |  7- 9 || total
-------------------------+-------+-------+-------++-------
Melee: Hand axe          |   100 |   172 |     1 ||   273
Invok: Berserk           |     2 |     3 |       ||     5
       Trog's Hand       |       |     1 |       ||     1
 Abil: Spit Poison       |       |     7 |     1 ||     8
  Use: Scroll            |       |     3 |       ||     3
 Stab: Sleeping          |       |     6 |       ||     6
  Eat: Chunk             |     3 |     8 |     1 ||    12
Armor: Animal skin       |     8 |     9 |       ||    17
       Robe              |       |    34 |       ||    34
Dodge: Dodged            |    59 |    96 |     3 ||   158
